 Dungeon Crawl Stone Soup version 0.30.0-15-g856e2d3f33 (webtiles) character file.

Game seed: 6361599468429393465

90 qw the Chopper (level 4, -3/28 HPs)
             Began as a Gargoyle Fighter on May 21, 2023.
             Slain by Sigmund
             ... wielding a +0 scythe
              (6 damage)
             ... on level 3 of the Dungeon.
             The game lasted 00:00:53 (1785 turns).

qw the Chopper (Gargoyle Fighter)                   Turns: 1785, Time: 00:00:54

Health: -3/28      AC: 11    Str: 22    XL:     4   Next: 56%
Magic:  4/4        EV:  9    Int:  8    God:
Gold:   130        SH:  4    Dex:  9    Spells: 3/3 levels left

rFire   . . .        Y - +0 war axe
rCold   . . .        c - +0 buckler
rNeg    + + .        b - +0 scale mail
rPois   inf          h - +0 helmet
rElec   +            (no cloak)
rCorr   .            (no gloves)
SInv    .            (no boots)
Will    .....        (no amulet) Stlth
                     k - ring of positive energy
HPRegen 0.24/turn    (no ring)
MPRegen 0.09/turn

%: no passive effects
@: no status effects
A: sickness immunity, AC +3, negative energy resistance 1, electricity
resistance, torment resistance 1, petrification resistance
a: no special abilities


You were on level 3 of the Dungeon.
You visited 1 branch of the dungeon, and saw 3 of its levels.

You collected 130 gold pieces.


Innate Abilities, Weirdness & Mutations

You are immune to sickness and miasma.
Your stone body is resilient. (AC +3)
You are immune to poison.
You resist negative energy. (rN+)
You are resistant to electric shocks. (rElec)
You are resistant to unholy torment.
You are immune to petrification.


   Skills:
 - Level 3.2 Fighting
 - Level 4.1 Axes
 + Level 0.7 Throwing
 - Level 3.2 Armour
 - Level 3.2 Shields


You had 3 spell levels left.
You didn't know any spells.
Your spell library was empty.

Inventory:

Hand Weapons
 m - a +0 whip
 Y - a +0 war axe (weapon)
Missiles
 a - 4 javelins (quivered)
Armour
 b - a +0 scale mail (worn)
 c - a +0 buckler (worn)
 h - a +0 helmet (worn)
Jewellery
 k - a ring of positive energy (left hand)
Potions
 d - 2 potions of might
 e - a potion of resistance {unknown}
 f - a potion of mutation {unknown}
 g - a potion of haste {unknown}
 l - a potion of curing

Dungeon Overview and Level Annotations

Branches:
Dungeon (3/15)

Altars:

Shops:
D:3 :

Annotations:
D:3 Sigmund


Message History

Sigmund says, "You will soon forget everything."
Sigmund closely misses you.
You hit Sigmund but do no damage.
Sigmund is lightly wounded.
You hit Sigmund.
Sigmund is moderately wounded.
Sigmund gestures wildly while chanting.
Sigmund flickers and vanishes!
Deactivating autopickup; reactivate with Ctrl-A.
You hear some strange, mumbled words.
You are confused.
Something hits you!
You miss something. Something hits you but does no damage.
You hear some strange, mumbled words.
Something tries to affect you, but you resist.
You feel less confused. Something hits you but does no damage.
You hit something. Something hits you.
You hit something. Something hits you but does no damage.
You barely miss something.
You hear some strange, mumbled words.
Something tries to affect you, but you resist.
You barely miss something.
You hear some strange, mumbled words.
A puff of flame appears from out of thin air!
The puff of flame misses you.
You miss something. Something hits you but does no damage.
You closely miss something. Something hits you.
You completely miss something. Something hits you but does no damage.
You slash something! You block something's attack.
You barely miss something. Something hits you.
You die...

..........#....# #..###.##.##.#
..........#....###....%.......#
..........#.........###.##.##.#
..........#.........###.##.#
..........#................##.##
..........#.........###.........
.#..................###.########
##..............{........#
..............$.@.......##
##..........#.(.....###.#
.........#. #.......# #.#
...............###'## #.#
##...###.#..######.# #.#
.................... ..#
...................## ###
................# ##
..................


There were no monsters in sight!

Vanquished Creatures
  A howler monkey (D:3)
  A worm (D:2)
  2 dart slugs
  4 bats
  6 endoplasms
  2 giant cockroaches
  5 goblins
  2 hobgoblins
  2 quokkas
  3 ball pythons
  4 frilled lizards
  5 kobolds
  7 rats
44 creatures vanquished.

Notes
Turn   | Place    | Note
-------+----------+-------------------------------------------
     0 | D:1      | qw the Gargoyle Fighter began the quest for the Orb.
     0 | D:1      | Reached XP level 1. HP: 14/14 MP: 1/1
     0 | D:1      | 0 ||| qw: Version: 0.2-a-98-g16b38d9
     0 | D:1      | 0 ||| qw: Game counter: 6
     0 | D:1      | 0 ||| qw: Always use a shield: true
     0 | D:1      | 0 ||| qw: God list: Okawaru
     0 | D:1      | 0 ||| qw: Allow faded altars: false
     0 | D:1      | 0 ||| qw: Do Orc after D:15 true
     0 | D:1      | 0 ||| qw: Do second Lair branch before Depths: true
     0 | D:1      | 0 ||| qw: Lair rune preference: random
     0 | D:1      | 0 ||| qw: Plans: Normal, Zot:1-4, God:TSO, Crypt, Tomb,
                  | Pan, Slime:5, Hells, Abyss, Win
     0 | D:1      | 0 ||| PLANNING D:1-11
    76 | D:1      | Reached skill level 2 in Axes
   236 | D:1      | Reached XP level 2. HP: 19/19 MP: 2/2
   257 | D:1      | 257 ||| Stepping ~*~*~tactically~*~*~ (hiding).
   258 | D:1      | 258 ||| Stepping ~*~*~tactically~*~*~ (hiding).
   269 | D:1      | 269 ||| Stepping ~*~*~tactically~*~*~ (stealth).
   500 | D:1      | 500 ||| DROPPING +0 club.
   556 | D:1      | 556 ||| UPGRADING to +0 helmet.
   561 | D:1      | 561 ||| UPGRADING to ring of positive energy.
   562 | D:1      | 562 ||| READING scroll labelled TUGHEG NISAIPU.
   563 | D:1      | 563 ||| READING scroll labelled POPUCA APNEFF.
   566 | D:1      | 566 ||| READING 3 scrolls labelled TIOJ XAVONG.
   567 | D:1      | 567 ||| DRINKING 2 coppery potions.
   568 | D:1      | 568 ||| DROPPING 2 scrolls of noise.
   633 | D:2      | 633 ||| Stepping ~*~*~tactically~*~*~ (stealth).
   635 | D:2      | 635 ||| Stepping ~*~*~tactically~*~*~ (stealth).
   638 | D:2      | Reached skill level 3 in Axes
   645 | D:2      | HP: 1/19 [frozen (4)]
   647 | D:2      | Reached XP level 3. HP: 1/23 MP: 3/3
  1108 | D:2      | 1108 ||| READING scroll labelled HEROORPHIESAC.
  1109 | D:2      | 1109 ||| READING scroll labelled NISARU YWEIRE.
  1172 | D:3      | Reached skill level 4 in Axes
  1172 | D:3      | Reached XP level 4. HP: 22/28 MP: 4/4
  1172 | D:3      | 1172 ||| Stepping ~*~*~tactically~*~*~ (stealth).
  1173 | D:3      | 1173 ||| Stepping ~*~*~tactically~*~*~ (stealth).
  1175 | D:3      | 1175 ||| Stepping ~*~*~tactically~*~*~ (stealth).
  1177 | D:3      | 1177 ||| Stepping ~*~*~tactically~*~*~ (stealth).
  1191 | D:3      | 1191 ||| Stepping ~*~*~tactically~*~*~ (stealth).
  1192 | D:3      | 1192 ||| Stepping ~*~*~tactically~*~*~ (stealth).
  1193 | D:3      | 1193 ||| Stepping ~*~*~tactically~*~*~ (stealth).
  1396 | D:3      | 1396 ||| Stepping ~*~*~tactically~*~*~ (stealth).
  1399 | D:3      | 1399 ||| Stepping ~*~*~tactically~*~*~ (stealth).
  1428 | D:3      | 1428 ||| Stepping ~*~*~tactically~*~*~ (hiding).
  1429 | D:3      | 1429 ||| Stepping ~*~*~tactically~*~*~ (hiding).
  1526 | D:3      | Found Pynn's Book Boutique.
  1572 | D:3      | 1572 ||| Stepping ~*~*~tactically~*~*~ (hiding).
  1760 | D:3      | Noticed Sigmund
  1777 | D:3      | HP: 6/28 [something (4)]
  1782 | D:3      | HP: 2/28 [something (6)]
  1785 | D:3      | Slain by Sigmund

Levels and vault maps discovered:
D:1:      zelgadis_glass_arrival_small, layout_loops_ring
D:2:      layout_rooms
D:3:      layout_basic, serial_shops, nicolae_shop_behind_doors, uniq_sigmund

Skill      XL: |  1  2  3 |
---------------+----------+-----
Axes           | 2 3 4 |  4.1
Fighting       | |  3.2
Throwing       | |  0.7
Armour         | |  3.2
Shields        | |  3.2

Action                     |  1- 3 |  4- 6 || total
---------------------------+-------+-------++-------
  Melee: War axe           |   104 |    41 ||   145
  Throw: Javelin           |       |     9 ||     9
    Use: Scroll            |     5 |       ||     5
         Potion            |     1 |       ||     1
 Armour: Scale mail        |    48 |    18 ||    66
  Dodge: Dodged            |    42 |    13 ||    55
  Block: Buckler           |    17 |     6 ||    23

Table legend:
 A = Non-vault XP
 B = Vault XP
 C = Vault XP percentage of total XP
 D = Non-vault monster count
 E = Vault monster count
 F = Vault count percentage of total count
                 A         B        C        D         E       F
            +---------+---------+-------+---------+---------+-------
      Total |     129 |       0 |   0.0 |      44 |       0 |   0.0
            +---------+---------+-------+---------+---------+-------
        D:1 |      22 |       0 |   0.0 |      12 |       0 |   0.0
        D:2 |      30 |       0 |   0.0 |      17 |       0 |   0.0
        D:3 |      77 |       0 |   0.0 |      15 |       0 |   0.0
            +---------+---------+-------+---------+---------+-------
